 Dungeon Crawl Stone Soup version 0.21-a0-151-ga4fe563 (webtiles) character file.

131 AverageBear the Cutter (level 4, -1/27 HPs)
             Began as a Deep Elf Fighter on July 30, 2017.
             Slain by a shadow imp (3 damage)
             ... summoned by Natasha
             ... on level 2 of the Dungeon.
             The game lasted 00:01:59 (2246 turns).

AverageBear the Cutter (Deep Elf Fighter)           Turns: 2246, Time: 00:01:59

Health: -1/27      AC:  7    Str: 19    XL:     4   Next: 91%
Magic:  6/6        EV:  7    Int: 13    God:
Gold:   71         SH:  9    Dex: 14    Spells: 3/3 levels left

rFire    . . .     SeeInvis .   k - +2 short sword (venom)
rCold    . . .     Gourm    .   c - +0 shield
rNeg     . . .     Faith    .   b - +0 scale mail
rPois    .         Spirit   .   m - +0 helmet
rElec    .         Reflect  .   (no cloak)
rCorr    .         Harm     .   (no gloves)
MR       .....                  (no boots)
Stlth    ..........             (no amulet)
HPRegen  0.09/turn              (no ring)
MPRegen  0.10/turn              (no ring)

@: mighty
A: no striking features
a: no special abilities


You were on level 2 of the Dungeon.
You were not hungry.

You visited 1 branch of the dungeon, and saw 2 of its levels.

You collected 71 gold pieces.

Inventory:

Hand Weapons
 a - a +0 rapier
 e - a +1 dagger of venom
 k - a +2 short sword of venom (weapon)
Armour
 b - a +0 scale mail (worn)
 c - a +0 shield (worn)
 m - a +0 helmet (worn)
Scrolls
 g - a scroll of amnesia {unknown}
 h - a scroll of magic mapping {unknown}
 j - 2 scrolls of random uselessness {unknown}
 l - a scroll of identify {unknown}
 n - a scroll of teleportation
 o - a scroll of blinking {unknown}
 p - a scroll of fog {unknown}
Potions
 d - a potion of might
 q - a potion of resistance {unknown}
 r - a potion of curing
 s - a potion of ambrosia {unknown}
Comestibles
 f - a bread ration
 i - 9 chunks of flesh


   Skills:
 - Level 2.4 Fighting
 - Level 5.0 Short Blades
 - Level 2.4 Armour
 + Level 1.2 Dodging
 - Level 2.4 Shields


You had 3 spell levels left.
You didn't know any spells.

Dungeon Overview and Level Annotations

Branches:
Dungeon (2/15)

Altars:

Annotations:
D:2 Natasha


Message History

You are too injured to fight recklessly!
You are too injured to fight recklessly!
You are too injured to fight recklessly!
You are too injured to fight recklessly!
You are too injured to fight recklessly!
You are too injured to fight recklessly!
You are too injured to fight recklessly!
You are too injured to fight recklessly!
You are too injured to fight recklessly!
You are too injured to fight recklessly!
You are too injured to fight recklessly!
You feel very mighty all of a sudden. The shadow imp hits you.
* * * LOW HITPOINT WARNING * * *
Natasha casts a spell.
You closely miss the shadow imp.
The shadow imp is severely wounded.
The shadow imp shouts, "Escape, thou feeble sow-suckled dingleberry!"
The shadow imp hits you.
You die...

.........#..........
.........#.)......#
.........#........#
.........').......#
.........#.......##..
.........#..........
##########......###
##########......####.#
......).........@5h55#
.#####################
.# .# .# .# .# .# .#


You could see Natasha, a crimson imp, a white imp and a shadow imp.

Vanquished Creatures
  Jessica (D:2)
  Robin (D:2)
  A gnoll (D:1)
  2 dart slugs
  A leopard gecko (D:1)
  4 giant cockroaches
  18 goblins
  14 hobgoblins
  4 jackals (D:2)
  2 quokkas
  7 bats
  5 frilled lizards
  7 kobolds
  6 rats
73 creatures vanquished.

Notes
Turn   | Place    | Note
-------+----------+-------------------------------------------
     0 | D:1      | AverageBear the Deep Elf Fighter began the quest for the Orb.
     0 | D:1      | Reached XP level 1. HP: 13/13 MP: 3/3
   647 | D:1      | Reached XP level 2. HP: 18/18 MP: 4/4
   702 | D:1      | Reached skill level 3 in Short Blades
   872 | D:1      | Reached XP level 3. HP: 11/22 MP: 5/5
  1231 | D:1      | Reached skill level 4 in Short Blades
  1515 | D:2      | Noticed Robin
  1525 | D:2      | Noticed Jessica
  1531 | D:2      | Reached XP level 4. HP: 20/27 MP: 6/6
  1567 | D:2      | Killed Robin
  1581 | D:2      | HP: 1/27 [Jessica/nerve-wracking pain (9)]
  1582 | D:2      | Killed Jessica
  1938 | D:2      | Reached skill level 5 in Short Blades
  2171 | D:2      | Reached skill level 1 in Dodging
  2234 | D:2      | Noticed Natasha
  2246 | D:2      | Slain by a shadow imp

Vault maps used:
D:1:      scummos_arrival_forest
D:2:      st_stairs_14, uniq_robin, uniq_jessica, uniq_natasha

Skill      XL: |  1  2  3  4 |
---------------+-------------+-----
Short Blades   | 3 4 5 |  5.0
Dodging        | 1 |  1.2
Fighting       | |  2.4
Armour         | |  2.4
Shields        | |  2.4

Action                   |  1- 3 |  4- 6 || total
-------------------------+-------+-------++-------
Melee: Rapier            |    27 |       ||    27
       Dagger            |   122 |    20 ||   142
       Short sword       |       |    49 ||    49
  Use: Potion            |       |     3 ||     3
       Scroll            |       |     1 ||     1
 Stab: Distracted        |     1 |       ||     1
  Eat: Chunk             |     2 |     2 ||     4
Armor: Scale mail        |    70 |    16 ||    86
Dodge: Dodged            |    39 |    18 ||    57
Block: Shield            |    56 |    23 ||    79
